 Dungeon Crawl Stone Soup version 0.32-a0-871-ge202e49faa (webtiles) character file.

Game seed: 11322772599093844959

23 Frost42 the Shield-Bearer (level 2, -1/26 HPs)
             Began as a Mountain Dwarf Fighter on Mar 29, 2024.
             Succumbed to an adder's poison
             ... on level 2 of the Dungeon.
             The game lasted 00:03:18 (1202 turns).

Frost42 the Shield-Bearer (Mountain Dwarf Fighter)  Turns: 1202, Time: 00:03:19

Health: -1/26      AC:  6    Str: 18    XL:     2   Next: 72%
Magic:  2/2        EV:  8    Int:  8    God:
Gold:   80         SH:  4    Dex:  9    Spells: 1/1 levels left

rFire   + . .        a - +0 war axe
rCold   . . .        c - +0 buckler
rNeg    . . .        b - +0 scale mail
rPois   .            (no helmet)
rElec   .            (no cloak)
rCorr   .            (no gloves)
SInv    .            (no boots)
Will    .....        (no amulet) Stlth
                     k - ring of protection from fire
HPRegen 0.24/turn    (no ring)
MPRegen 0.08/turn

%: no passive effects
@: lethally poisoned (-1 -> -7), slowed, very slow
A: runic magic, artefact enchanting
a: no special abilities


You were on level 2 of the Dungeon.
You visited 1 branch of the dungeon, and saw 2 of its levels.

You collected 80 gold pieces.

Inventory:

Hand Weapons
 a - a +0 war axe (weapon)
Missiles
 e - 23 stones (quivered)
 f - 6 poisoned darts
Armour
 b - a +0 scale mail (worn)
 c - a +0 buckler (worn)
Jewellery
 k - a ring of protection from fire (left hand)
Scrolls
 g - a scroll of silence {unknown}
 h - a scroll of enchant weapon {unknown}
Potions
 d - a potion of might
 i - a potion of degeneration {unknown}
 j - a potion of brilliance {unknown}


   Skills:
 + Level 3.4 Fighting
 + Level 2.8 Axes
 + Level 3.5 Armour
 + Level 0.1 Dodging
 + Level 3.7 Shields


You had one spell level left.
You didn't know any spells.
Your spell library contained the following spells:

 Spells                   Type           Power      Damage    Failure   Level
 Summon Small Mammal      Summ           0%         N/A       58%         1
 Call Canine Familiar     Summ           0%         N/A       91%         3
 Summon Blazeheart Golem  Fire/Summ      0%         N/A       100%        4


Dungeon Overview and Level Annotations

Branches:
Dungeon (2/15)

Altars:
Trog

Shops:
D:2 =

Annotations:
D:2 Natasha


Innate Abilities, Weirdness & Mutations

Your spellcasting is much less encumbered by armour.
You can use scrolls of enchantment on lesser artefacts.


Message History

The ball python hisses angrily.
You hit Natasha.
Natasha is moderately wounded.
The bat hits you but does no damage. You block Natasha's attack.
The bat hits you but does no damage.
You closely miss Natasha.
Natasha is moderately wounded.
You barely miss the bat. The bat misses you. Natasha claws you.
The adder bites you but does no damage.
Natasha wildly gestures.
You feel disoriented. You block Natasha's attack.
You barely miss Natasha.
Natasha is moderately wounded.
You barely miss the adder. You block the bat's attack. The adder bites you.
You are poisoned.
The adder poisons you! Natasha claws you but does no damage.
The adder bites you but does no damage.
You closely miss Natasha.
Natasha is moderately wounded.
You hit the adder but do no damage.
You feel sick. The bat hits you but does no damage.
You block the adder's attack. Natasha claws you. The ball python bites you.
The adder bites you.
You are more poisoned.
The adder poisons you!
You miss Natasha.
Natasha is moderately wounded.
You slash the ball python!
You kill the ball python!
You closely miss the adder.
You feel very sick.
Natasha growls.
Natasha stares at you and mumbles some strange words.
You feel yourself slow down. The adder bites you but does no damage.
Natasha claws you!
* * * LOW HITPOINT WARNING * * *
You hit Natasha.
Natasha is moderately wounded.
You closely miss the adder.
You die...

.............#.#).
..###...####.#.#....
....#...# #.#.#....
###.#...# #.#.#...#
.#...# #.#.#...# ###.##
#.#h#...## ....
####.#.....$
#########.....###.#######
........#......h@S.......
........#........†...###.
........#................
........#............#...
........#............# ..
.######.#.....##...### .
.# #.#.....##...# .#
####.########...#### ##
#.......# #........


You could see Natasha and an adder.

Vanquished Creatures
  4 ball pythons
  5 bats
  3 endoplasms
  2 goblins (D:1)
  2 hobgoblins (D:1)
  3 kobolds
  A rat (D:2)
20 creatures vanquished.

Notes
Turn   | Place    | Note
-------+----------+-------------------------------------------
     0 | D:1      | Frost42 the Mountain Dwarf Fighter began the quest for the
                  | Orb.
     0 | D:1      | Reached XP level 1. HP: 19/19 MP: 1/1
   268 | D:1      | Reached XP level 2. HP: 24/26 MP: 2/2
   984 | D:2      | Found Neetwar's Jewellery Shop.
  1148 | D:2      | Found a bloodstained altar of Trog.
  1188 | D:2      | Noticed Natasha
  1202 | D:2      | Succumbed to an adder's poison

Illustrated notes

Levels and vault maps discovered:
D:1:      matt_arrival_diagonals, layout_loops_ring
D:2:      layout_basic, basic_altar, serial_shops, shop,
          minmay_misc_feat_square, uniq_natasha

Action                     || total
---------------------------++-------
  Melee: War axe           ||    69
  Throw: Stone             ||     3
 Armour: Scale mail        ||    81
  Dodge: Dodged            ||    33
  Block: Buckler           ||    18

Table legend: (Time is in decaauts)
 A = Elapsed time spent in this place.
 B = Non-inter-level travel time spent in this place.
 C = Inter-level travel time spent in this place.
 D = Time resting spent in this place.
 E = Time spent auto-exploring this place.
 F = Levels seen in this place.
 G = Mean time per level.
                   A        B        C        D        E       F      G
               +--------+--------+--------+--------+--------+-----+--------+
         Total |   1230 |   1096 |    134 |      0 |    527 |   2 |  615.0 |
       Dungeon |   1230 |   1096 |    134 |      0 |    527 |   2 |  615.0 |
               +--------+--------+--------+--------+--------+-----+--------+

Top non-repeatable levels by time:
     D:1: 864 daAuts
     D:2: 365 daAuts
